 Dungeon Crawl Stone Soup version 0.18.1-2-ga659475 (webtiles) character file.

518 MTVSty1e the Ducker (level 7, -4/91 HPs)
             Began as a Minotaur Berserker on May 8, 2016.
             Was an Elder of Trog.
             Slain by an ogre
             ... wielding a +0 giant club
              (14 damage)
             ... on level 4 of the Dungeon.
             The game lasted 00:10:37 (3876 turns).

MTVSty1e the Ducker (Minotaur Berserker)            Turns: 3876, Time: 00:10:37

Health: -4/91      AC:  2    Str: 28    XL:     7   Next: 1%
Magic:  6/6        EV: 14    Int:  4    God:    Trog [****..]
Gold:   86         SH:  0    Dex: 10    Spells: 0 memorised, 6 levels left

rFire  x . .     SeeInvis .     w - +6 scythe (venom)
rCold  + . .     Gourm    .     b - +0 animal skin
rNeg   . . .     Faith    .     (shield currently unavailable)
rPois  +         Spirit   .     (helmet restricted)
rElec  .         Dismiss  .     (no cloak)
rCorr  .         Reflect  .     (no gloves)
SustAt .         Harm     .     (no boots)
MR     .....                    (no amulet)
Stlth  ..........               g - ring of poison resistance
                                r - ring of ice

@: berserking, very quick, not resistant to hostile enchantments, extremely
unstealthy
A: retaliatory headbutt, horns 2
a: Berserk, Trog's Hand, Brothers in Arms, Burn Spellbooks, Renounce Religion


You were on level 4 of the Dungeon.
You worshipped Trog.
Trog was greatly pleased with you.
You were not hungry.

You visited 1 branch of the dungeon, and saw 4 of its levels.

You collected 86 gold pieces.

Inventory:

Hand Weapons
 a - a +1 hand axe
 w - a +6 scythe of venom (weapon)
Armour
 b - a +0 animal skin (worn)
 t - a +1 buckler
Jewellery
 g - a ring of poison resistance (right hand)
 r - a ring of ice (left hand)
 u - an uncursed amulet of inaccuracy
Scrolls
 h - 2 scrolls of identify
 l - a scroll of remove curse
 m - 2 scrolls of enchant weapon
Potions
 d - a potion of haste {unknown}
 e - a potion of curing {unknown}
 j - a potion of agility {unknown}
 k - 2 potions of heal wounds
 n - a potion of brilliance {unknown}
 p - 2 potions of might {unknown}
 q - 2 potions of lignification {unknown}
 s - a potion of resistance {unknown}
 v - a potion of flight {unknown}
Comestibles
 c - a bread ration
 f - a royal jelly
 i - 4 meat rations
 o - 2 slices of pizza


   Skills:
 * Level 5.2 Fighting
 * Level 5.0 Axes
 * Level 4.1 Armour
 * Level 5.8 Dodging
 - Level 0.1 Stealth
 * Level 1.4 Shields


You had 6 spell levels left.
You didn't know any spells.

Dungeon Overview and Level Annotations

Branches:
Dungeon (4/15)
 Temple: D:4-7

Altars:
Cheibriados
Nemelex Xobeh
Qazlal
Vehumet
Zin


Innate Abilities, Weirdness & Mutations

You reflexively headbutt those who attack you in melee.
You have a pair of horns on your head.


Message History

The phantom barely misses you. You furiously retaliate!
You headbutt the phantom.
You destroy the phantom!
Your Axes skill increases to level 5!
You closely miss the adder. The adder barely misses you.
You furiously retaliate!
You headbutt the adder! The adder bites you.
You slash the adder!
You kill the adder!
Trog accepts your kill.
You have reached level 7!
You closely miss the ogre. The ogre misses you. You furiously retaliate!
You headbutt the ogre. The ogre hits you with a giant club!!
You slash the ogre!
The ogre is poisoned.
Your headbutt misses the ogre.
The ogre is severely wounded.
The ogre hits you with a giant club!
* * * LOW HITPOINT WARNING * * *
A red film seems to cover your vision as you go berserk!
You feel yourself moving faster!
You feel mighty!
You feel somewhat more hungry. The ogre hits you with a giant club!
You die...

.......... #.........#
##.....# #.........#
#.....# #.........#
#.....# #.........#
#..†..# #.........#
#.....# #.........#
#.....# #.....O...#
#....## #.....@...#
#....#. #.........#
#....'.
#.........#######....##
#.................#####
#.................#...#
#.................#...#
#.................#...#
#.................#...#
#.................#..##


You could see an ogre.

Vanquished Creatures
  Sigmund (D:4)
  A phantom (D:4)
  Jessica (D:3)
  Robin (D:2)
  4 gnolls (D:3)
  7 adders
  5 worms
  3 giant geckos
  2 orcs
  7 bats
  5 giant cockroaches
  19 goblins
  11 hobgoblins
  21 jackals
  3 quokkas (D:3)
  3 ball pythons
  5 giant newts
  10 kobolds
  6 rats
115 creatures vanquished.

Notes
Turn   | Place    | Note
--------------------------------------------------------------
     0 | D:1      | MTVSty1e the Minotaur Berserker began the quest for the Orb.
     0 | D:1      | Reached XP level 1. HP: 19/19 MP: 0/0
   252 | D:1      | Reached XP level 2. HP: 21/27 MP: 1/1
   921 | D:1      | Reached ** piety under Trog
   921 | D:1      | Reached XP level 3. HP: 33/33 MP: 2/2
  1557 | D:2      | Reached XP level 4. HP: 36/40 MP: 3/3
  1794 | D:2      | Found a radiant altar of Vehumet.
  1798 | D:2      | Noticed Robin
  1808 | D:2      | Killed Robin
  2055 | D:2      | Found a stormy altar of Qazlal.
  2185 | D:2      | Reached *** piety under Trog
  2219 | D:2      | Reached XP level 5. HP: 25/47 MP: 4/4
  3021 | D:3      | Reached **** piety under Trog
  3270 | D:3      | Reached skill level 5 in Dodging
  3391 | D:3      | Noticed Jessica
  3394 | D:3      | Killed Jessica
  3418 | D:3      | Found a sparkling altar of Nemelex Xobeh.
  3420 | D:3      | Found a glowing silver altar of Zin.
  3424 | D:3      | Found a snail-covered altar of Cheibriados.
  3591 | D:4      | Reached XP level 6. HP: 50/53 MP: 5/5
  3676 | D:4      | Noticed Sigmund
  3684 | D:4      | Killed Sigmund
  3684 | D:4      | Reached skill level 5 in Fighting
  3684 | D:4      | Reached skill level 1 in Shields
  3870 | D:4      | Reached skill level 5 in Axes
  3873 | D:4      | Reached XP level 7. HP: 44/61 MP: 6/6
  3876 | D:4      | Slain by an ogre

Skill      XL: |  1  2  3  4  5  6 |
---------------+-------------------+-----
Fighting       | 4 5 |  5.2
Axes           | 4 5 |  5.0
Armour         | 3 4 |  4.1
Dodging        | 3 4 5 |  5.8
Shields        | 1 |  1.4
Stealth        | |  0.1

Action                   |  1- 3 |  4- 6 |  7- 9 || total
-------------------------+-------+-------+-------++-------
Melee: Hand axe          |    81 |   131 |       ||   212
       Headbutt          |     8 |    16 |       ||    24
       Scythe            |       |    11 |     2 ||    13
Invok: Berserk           |     1 |     3 |     1 ||     5
       Trog's Hand       |       |     3 |       ||     3
       Burn Spellbooks   |       |     1 |       ||     1
  Use: Scroll            |       |     9 |       ||     9
  Eat: Bread ration      |     1 |     2 |       ||     3
       Beef jerky        |     1 |       |       ||     1
Armor: Animal skin       |    19 |    17 |       ||    36
Dodge: Dodged            |    68 |   115 |     1 ||   184
Block: Buckler           |       |     8 |       ||     8
